AoeStats
← Autopawn

Lombardia

508564432Analyzed
4v4 RM · 9d ago on Sep 23, 2026· 85m 22s· 8 players
Game mode
Random Map
Map size
Large (8 player)
Population
200
Speed
Normal
Resources
Standard
Victory
Conquest
Starting age
Dark Age
Ending age
Imperial Age
RankedLock teamsTeams togetherTeam positionsShared explorationLock speedFull tech treeHidden civsTurbo modeCheats
Victory
Defeat
🇦🇷 Danes · Argentina
1100
+12
🇨🇱 Britons · Chile
1043
+14
983
+17
🇦🇷 Britons · Argentina
961
+17
🇨🇱 Byzantines · Chile
1059
-17
🇨🇱 Malians · Chile
1050
-17
🇨🇱 Romans · Chile
977
-14
🇨🇱 Franks · Chile
919
-12
Autopawn
7:16 Loom
10:40 Feudal Age
14:28 Double-Bit Axe
16:13 Wheelbarrow
25:27 Castle Age
25:11 Horse Collar
25:39 Gold Mining
26:36 Bow Saw
26:32 Fletching
27:27 Hand Cart
26:40 Crossbowman
27:24 Padded Archer Armor
27:39 Scale Barding Armor
27:36 Husbandry
32:48 Imperial Age
30:37 Leather Archer Armor
31:33 Forging
33:01 Thumb Ring
34:30 Gold Shaft Mining
33:36 Elite Skirmisher
35:06 Bodkin Arrow
37:21 Arbalester
40:03 Ballistics
40:07 Bracer
42:09 Ring Archer Armor
43:12 Conscription
44:24 Chemistry
47:24 Iron Casting
47:38 Chain Barding Armor
49:49 Two-Man Saw
48:52 Heavy Plow
50:34 Plate Barding Armor
50:17 Elite Cataphract
51:39 Caravan
52:51 Logistica
55:45 Pikeman
56:26 Squires
56:03 Heavy Camel Rider
62:40 Bombard Tower
62:06 Treadmill Crane
63:42 Light Cavalry
64:55 Hussar
73:12 Greek Fire
gabrieloresp
3:23 Loom
3:33 Loom
13:37 Feudal Age
17:05 Castle Age
17:07 Forging
16:58 Scale Mail Armor
22:52 Bloodlines
24:15 Scale Barding Armor
26:14 Double-Bit Axe
28:16 Husbandry
30:46 Stone Mining
31:11 Gold Mining
32:33 Iron Casting
32:47 Gold Shaft Mining
34:12 Wheelbarrow
33:32 Horse Collar
37:49 Imperial Age
36:31 Chain Mail Armor
36:33 Hand Cart
37:14 Heavy Plow
38:28 Bow Saw
37:45 Light Cavalry
39:27 Conscription
39:41 Plate Mail Armor
40:01 Chain Barding Armor
40:22 Farimba
43:32 Crop Rotation
45:04 Plate Barding Armor
44:38 Fletching
44:59 Elite Gbeto
50:44 Caravan
51:14 Coinage
50:55 Guilds
57:28 Bodkin Arrow
69:00 Arson
69:15 Squires
ignacio.dropp
1:51 Loom
11:57 Feudal Age
13:39 Double-Bit Axe
13:36 Horse Collar
16:47 Wheelbarrow
23:13 Castle Age
21:30 Forging
21:22 Scale Mail Armor
22:53 Man-at-Arms
24:45 Hand Cart
24:47 Heavy Plow
31:51 Padded Archer Armor
31:42 Fletching
32:28 Iron Casting
32:08 Chain Mail Armor
36:07 Imperial Age
33:11 Pikeman
36:57 Ballistas
39:34 Halberdier
40:52 Heavy Scorpion
41:42 Caravan
43:45 Long Swordsman
48:13 Legionary
51:08 Leather Archer Armor
50:48 Bodkin Arrow
51:54 Blast Furnace
64:12 Elite Centurion
jonesjcn
8:09 Loom
13:03 Feudal Age
16:19 Double-Bit Axe
18:41 Castle Age
21:51 Forging
21:47 Scale Barding Armor
26:02 Wheelbarrow
33:09 Imperial Age
31:16 Hand Cart
35:23 Chain Barding Armor
35:39 Iron Casting
34:55 Fletching
35:43 Masonry
36:00 Husbandry
35:20 Cavalier
39:14 Plate Barding Armor
39:40 Blast Furnace
38:36 Bodkin Arrow
40:25 Architecture
39:39 Treadmill Crane
41:21 Hoardings
40:15 Ordonnance Companies
41:17 Conscription
44:48 Paladin
44:55 Heavy Mounted Crossbowman
44:56 Cranequins
46:09 Caravan
55:09 Scale Mail Armor
55:10 Padded Archer Armor
61:59 Gold Mining
62:36 Light Cavalry
83:29 Chivalry
83:56 Leather Archer Armor
SC_Dead Rabbit "The original"
7:39 Loom
10:42 Feudal Age
15:51 Forging
21:59 Castle Age
20:56 Horse Collar
21:04 Double-Bit Axe
21:54 Light Cavalry
23:03 Bloodlines
23:01 Gold Mining
23:15 Heavy Plow
24:24 Gold Shaft Mining
25:49 Scale Barding Armor
26:24 Wheelbarrow
28:11 Bow Saw
30:07 Chain Barding Armor
30:11 Husbandry
30:57 Stone Mining
34:20 Iron Casting
39:04 Imperial Age
36:52 Hand Cart
38:35 Stone Shaft Mining
39:23 Capped Ram
40:02 Cavalier
41:24 Siege Ram
44:42 Savar
48:02 Plate Barding Armor
48:28 Blast Furnace
47:19 Fletching
53:31 Caravan
58:42 Bodkin Arrow
59:53 Chemistry
59:14 Ballistics
58:50 Murder Holes
59:10 Masonry
61:49 Conscription
72:51 Hussar
LUCA-14
7:44 Loom
10:42 Feudal Age
14:05 Double-Bit Axe
14:47 Town Watch
16:13 Gold Mining
16:22 Fletching
16:34 Padded Archer Armor
25:02 Castle Age
25:51 Gambesons
26:39 Horse Collar
26:49 Pikeman
27:33 Squires
32:06 Town Patrol
33:04 Wheelbarrow
34:23 Forging
34:14 Scale Mail Armor
34:30 Crossbowman
34:59 Arson
37:05 Gold Shaft Mining
36:45 Bow Saw
37:20 Iron Casting
37:01 Chain Mail Armor
36:42 Bodkin Arrow
37:02 Leather Archer Armor
40:36 Imperial Age
38:39 Ballistics
38:07 Treadmill Crane
39:24 Stone Mining
40:24 Town Patrol
40:47 Halberdier
43:17 Arbalester
46:54 Bracer
47:24 Ring Archer Armor
47:28 Plate Mail Armor
47:59 Blast Furnace
48:09 Chemistry
49:29 Yeomen
56:35 Town Patrol
56:53 Hand Cart
70:34 Conscription
78:46 Siege Engineers
Gergis Khan
5:07 Loom
12:44 Feudal Age
13:11 Double-Bit Axe
18:18 Castle Age
17:50 Horse Collar
18:01 Gold Mining
18:43 Scale Mail Armor
19:35 Bow Saw
19:31 Heavy Plow
22:00 Squires
23:20 Arson
25:40 Wheelbarrow
27:44 Chain Mail Armor
30:10 Stone Mining
32:39 Gold Shaft Mining
33:22 Town Watch
34:47 Hand Cart
37:40 Imperial Age
35:39 Forging
35:21 Fletching
37:10 Hamask
37:58 Elite Varangian Guard
39:13 Plate Mail Armor
39:19 Iron Casting
40:32 Conscription
41:36 Pikeman
44:58 Chemistry
44:21 Ballistics
46:16 Halberdier
48:15 Blast Furnace
48:27 Siege Engineers
48:17 Murder Holes
52:02 Bodkin Arrow
66:57 Bracer
67:03 Scale Barding Armor
68:00 Light Cavalry
68:51 Bloodlines
68:41 Husbandry
68:59 Elite Jomsviking
76:15 Bloodlines
76:05 Husbandry
77:04 Capped Ram
82:45 Stone Shaft Mining
GdN_Tio Roma
6:23 Loom
11:42 Feudal Age
14:00 Double-Bit Axe
17:12 Town Watch
20:50 Castle Age
20:17 Fletching
20:28 Padded Archer Armor
20:16 Horse Collar
21:04 Crossbowman
24:44 Pikeman
26:41 Squires
31:50 Wheelbarrow
36:02 Imperial Age
34:37 Fervor
37:17 Ballistics
37:58 Chemistry
38:12 Bodkin Arrow
38:33 Leather Archer Armor
38:27 Arbalester
40:57 Bracer
41:27 Ring Archer Armor
41:13 Elite Skirmisher
42:53 Conscription
48:12 Elite Longbowman
50:21 Forging
50:12 Scale Mail Armor
50:17 Scale Barding Armor
52:11 Light Cavalry
52:52 Husbandry
55:33 Halberdier
82:51 Gambesons
Connection lost

Rejoining the realm…

Still unreachable

The connection could not be restored.

Session expired

The server has moved on; the page needs a fresh start.